Unix NetHack Version 3.7.0-89 Work-in-progress - last build Nov 3 2023 16:47:00 (ea8ed35e81eded05176fbf39db35bf4bcaa3adb9,branch:master). Game began 2023-11-07 16:05:57, ended 2023-11-07 20:47:36. 9629, lawful male human Samurai -.- -.. --. . ..... ..%<.. ..[... %@G.. .... 9629 the Ninja St:18 Dx:16 Co:18 In:11 Wi:8 Ch:7 Lawful Dlvl:7 $:165 HP:0(58) Pw:17(17) AC:3 Xp:6/563 T:3439 Burdened Latest messages: You fall down the stairs. You kill the gnome! There is a gnome corpse here; eat it? [ynq] (n) This gnome corpse is tough. You stop eating the gnome corpse. You have a little trouble lifting v - a scroll labeled LOREM IPSUM (3 in total). The giant spider bites! The giant spider's bite was poisoned! The poison doesn't seem to affect you. You hit the giant spider! The giant spider bites! The giant spider's bite was poisoned! The poison doesn't seem to affect you. The gnome thrusts one of his daggers. The gnome just misses! What do you want to drop? You drop a +0 scale mail. What do you want to drop? You drop a leather armor. The giant spider misses! The giant spider bites! You are hit by an arrow. The gnome thrusts one of his daggers. The gnome hits! The gnome hits! The giant spider bites! What do you want to zap? In what direction? The sleep ray hits the giant spider. The sleep ray hits it. The sleep ray hits it. You kill the giant spider! You kill the gnome! You kill the gnome! You kill the gnome lord! You have a little trouble lifting R - 3 daggers (6 in total). You kill the gnome! You have a little trouble lifting T - 12 arrows. There is a gnome lord corpse here; eat it? [ynq] (n) This gnome lord corpse tastes okay. You stop eating the gnome lord corpse. You hit the gnome lord. You hit the gnome lord! The gnome lord hits! You kill the gnome lord! The gnome swings her aklys. The gnome hits! You die... Do you want your possessions identified? [ynq] (y) Do you want to see your attributes? [ynq] (y) Inventory: Coins $ - 165 gold pieces Weapons L - a +1 arrow T - 12 +0 arrows B - 7 cursed -1 arrows d - 26 +0 ya (in quiver) c - a +0 yumi R - 6 +0 daggers H - a cursed -1 dagger a - a corroded +0 katana (weapon in hand) b - a blessed +0 wakizashi (alternate weapon; not wielded) Armor t - an uncursed +0 orcish helm (being worn) I - a cursed -1 pair of gauntlets of fumbling e - a blessed +0 banded mail (being worn) Comestibles h - an uncursed cream pie D - an uncursed fortune cookie w - 6 uncursed gunyoki A - an uncursed tripe ration z - an uncursed lichen corpse Scrolls k - an uncursed scroll of confuse monster E - an uncursed scroll of destroy armor g - a cursed scroll of gold detection j - 2 uncursed scrolls of identify v - 3 cursed scrolls of identify Spellbooks F - an uncursed spellbook of healing Potions u - a cursed potion of blindness o - an uncursed potion of water Rings Q - a cursed -1 ring of increase damage G - an uncursed ring of poison resistance (on right hand) Wands J - a wand of digging (0:7) y - a wand of sleep (0:7) n - a wand of sleep (0:3) Tools K - a drum of earthquake (0:7) f - an uncursed blindfold P - a +0 pick-axe m - an uncursed skeleton key s - an uncursed stethoscope Gems/Stones l - 2 uncursed worthless pieces of red glass 9629 the Samurai's attributes: Background: You were a Ninja, a level 6 male human Samurai. You were lawful, on a mission for Amaterasu Omikami who was opposed by Raijin (neutral) and Susanowo (chaotic). You were in the Gnomish Mines, on level 7. You entered the dungeon 3439 turns ago. You had 563 experience points, 77 more were needed to attain level 7. Basics: You had 0 out of 58 hit points. You had all 17 energy points (spell power). Your armor class was 3. Your wallet contained 165 zorkmids. Autopickup was off. Final Characteristics: Your strength was 18 (limit:18/100). Your dexterity was 16 (limit:18). Your constitution was 18 (limit:18). Your intelligence was 11 (limit:18). Your wisdom was 8 (limit:18). Your charisma was 7 (limit:18). Final Status: You weren't hungry. You were burdened; movement was slightly slowed. You were wielding a long sword. You were skilled in long sword. Final Attributes: You were piously aligned. You were poison resistant. You were telepathic. You aggravated monsters. You were warded. You were fast. You are dead. Miscellaneous: You never encountered a bones level. Total elapsed playing time was 47 minutes. Major events: Turn 1: 9629 the lawful male human Samurai entered the dungeon 1086: attained the rank of Ronin (level 3) 2350: entered the Gnomish Mines 2862: attained the rank of Ninja (level 6) 3439: killed by a gnome Vanquished creatures: a giant spider an orc shaman a shrieker 7 gnome leaders 3 giant ants 3 little dogs a floating eye a kitten a dwarf 5 hill orcs a centipede a giant bat a wererat a werejackal a coyote a hobbit a large kobold 2 hobgoblins 2 giant rats 3 cave spiders a yellow mold a green mold 25 gnomes 2 geckos 3 jackals a fox 3 kobolds a sewer rat 3 grid bugs 4 lichens 2 kobold zombies 2 newts 86 creatures vanquished. No species were genocided or became extinct. Voluntary challenges: You read items or engraved 4 times. You engraved Elbereth 1 time. You never genocided any monsters. You never polymorphed an object. You never changed form. You used no wishes. Achievements: You entered a shop. You attained the rank of Ronin. You entered the Gnomish Mines. You attained the rank of Ninja. The Dungeons of Doom: levels 1 to 6 Level 1: Level 2: A general store. Level 3: A potion shop. Level 4: Stairs down to The Gnomish Mines. Level 5: Level 6: The Gnomish Mines: levels 5 to 7 Level 5: Level 6: Level 7: <- You were here. Final resting place for you, killed by a gnome. Game over: ---------- / \ / REST \ / IN \ / PEACE \ / \ | 9629 | | 165 Au | | killed by a | | gnome | | | | | | 2023 | *| * * * | * _________)/\\_//(\/(/\)/\//\/|_)_______ Sayonara 9629 the Samurai... You died in The Gnomish Mines on dungeon level 7 with 2721 points, and 165 pieces of gold, after 3439 moves. You were level 6 with a maximum of 58 hit points when you died.